 Dungeon Crawl Stone Soup version 0.20.1-1-g8b1a95d (webtiles) character file.

9368 tirato the Covert (level 11, 0/75 HPs)
             Began as an Octopode Fighter on July 11, 2017.
             Was a Priest of Makhleb.
             Slain by appiemonkey's ghost (27 damage)
             ... on level 10 of the Dungeon.
             The game lasted 01:07:49 (15207 turns).

tirato the Covert (Octopode Fighter)               Turns: 15207, Time: 01:07:50

Health: 0/75       AC:  1    Str: 20    XL:     11   Next: 45%
Magic:  11/11      EV: 16    Int: 10    God:    Makhleb [***...]
Gold:   457        SH: 13    Dex: 14    Spells: 10/10 levels left

rFire    . . .     SeeInvis +   u - +5 short sword (holy)
rCold    . . .     Gourm    .   b - +2 shield
rNeg     . . .     Faith    .   (helmet restricted)
rPois    .         Spirit   .   (no amulet)
rElec    .         Reflect  .   A - +4 ring of slaying
rCorr    .         Harm     .   E - ring "Weaguob" {+Inv MR+ Dex+3}
MR       +....                  e - ring of see invisible
Stlth    ++++++....             (no ring)
Regen    0.3/turn               (no ring)
MPRegen  0.2/turn               (no ring)
                                (no ring)
                                (no ring)

@: no status effects
A: almost no armour, stealthy swim, amphibious, 8 rings, constrict 8, camouflage
1, gelatinous body 1
a: Minor Destruction, Lesser Servant of Makhleb, Renounce Religion, Evoke
Invisibility


You were on level 10 of the Dungeon.
You worshipped Makhleb.
Makhleb was most pleased with you.
You were not hungry.

You visited 2 branches of the dungeon, and saw 11 of its levels.

You collected 457 gold pieces.

Inventory:

Hand Weapons
 q - a +2 dagger of draining
 u - a +5 short sword of holy wrath (weapon)
Missiles
 h - 271 stones (quivered)
 i - 199 arrows
Armour
 b - a +2 shield (worn)
Jewellery
 e - a ring of see invisible (on tentacle)
 A - a +4 ring of slaying (left tentacle)
 E - the ring "Weaguob" (right tentacle) {+Inv MR+ Dex+3}
   (You found it on level 7 of the Dungeon)

   [ring of protection from magic]

   It affects your dexterity (+3).
   It affects your resistance to hostile enchantments.
   It lets you turn invisible.
 K - an uncursed ring of ice
Wands
 t - a wand of paralysis (9/24)
 y - a wand of polymorph (13/24)
 H - a wand of clouds (3/9)
Scrolls
 a - 3 scrolls of identify
 g - 4 scrolls of immolation
 j - 3 scrolls of amnesia
 o - a scroll of blinking
 p - 6 scrolls of teleportation
 s - 2 scrolls of remove curse
 w - a scroll of noise {unknown}
 B - a scroll of recharging
 D - a scroll of fear
 F - a scroll of brand weapon {unknown}
 J - a scroll of random uselessness {unknown}
 L - a scroll of magic mapping {unknown}
Potions
 f - a potion of haste
 k - 4 potions of flight
 l - a potion of might
 m - 2 potions of heal wounds {unknown}
 n - 3 potions of curing {unknown}
 r - a potion of mutation {unknown}
 v - 3 potions of berserk rage {unknown}
 C - a potion of cancellation {unknown}
 G - a potion of lignification {unknown}
 M - a potion of invisibility
Books
 I - a book of Debilitation

   Spells                             Type                      Level
   a - Corona                         Hexes                        1
   b - Slow                           Hexes                        2
   c - Inner Flame                    Hexes/Fire                   3
   d - Portal Projectile              Hexes/Translocation          3
   e - Cause Fear                     Hexes                        4
   f - Leda's Liquefaction            Hexes/Earth                  4
Comestibles
 c - 6 royal jellies
 d - 6 bread rations
 x - 6 fruits
 z - 4 meat rations


   Skills:
 + Level 7.2 Fighting
 + Level 10.4 Short Blades
 + Level 6.7 Dodging
 + Level 11.4 Stealth
 + Level 8.3 Shields
 + Level 0.9 Evocations


You had 10 spell levels left.
You didn't know any spells.

Dungeon Overview and Level Annotations

Branches:
Dungeon (10/15)            Temple (1/1) D:6
   Lair: D:8-11         Orc: D:9-12

Altars:
Ashenzari
Cheibriados
Dithmenos
Elyvilon
Fedhas
Gozag
Hepliaklqana
Kikubaaqudgha
Makhleb
Nemelex Xobeh
Okawaru
Qazlal
Ru
Sif Muna
Trog
Uskayaw
Vehumet
Xom
Yredelemnul
Zin
The Shining One

Shops:
D:4 [

Annotations:
D:10 appiemonkey's ghost, journeyman MiFi


Innate Abilities, Weirdness & Mutations

You cannot wear most types of armour.
You are very stealthy in the water. (Stealth+)
You are amphibious.
You can wear up to eight rings at the same time.
You can use your tentacles to constrict eight enemies at once.
Your skin changes colour to match your surroundings (Stealth+).
Your rubbery body absorbs attacks. (AC +1, EV +1)


Message History

You hit appiemonkey's ghost.
Appiemonkey's ghost convulses!
Appiemonkey's ghost is moderately damaged.
Appiemonkey's ghost hits you.
You hit appiemonkey's ghost but do no damage.
Appiemonkey's ghost is moderately damaged.
Appiemonkey's ghost says, "I was once a great warrior, and I still am!"
Appiemonkey's ghost hits you!
You hit appiemonkey's ghost but do no damage.
Appiemonkey's ghost is moderately damaged.
You barely miss appiemonkey's ghost.
Appiemonkey's ghost is moderately damaged.
Appiemonkey's ghost hits you!
You hit appiemonkey's ghost but do no damage.
Your squeeze misses appiemonkey's ghost.
Appiemonkey's ghost is moderately damaged.
You hit appiemonkey's ghost but do no damage.
Appiemonkey's ghost is moderately damaged.
Appiemonkey's ghost hits you!! Appiemonkey's ghost hits you!!
You die...

#.....###.............##
##.. ##....#
#####..........# ##...
#...## #.....>.....##
#.... ##..#
##............# #....
#.## #.............##
#.... ###
##..............####...
#.....................#
##....W.................
#......@........######..
##............### ###
###........### #
#####.#### # ##.# # #..#
# #.## # ##.# ## #..#
##.


You could see appiemonkey's ghost.

Vanquished Creatures
  Fannar (D:10)
  A two-headed ogre (D:9)
  Pikel (D:4)
  A cyclops (D:8)
  The ghost of vishdafish the Chiller, a novice DEIE (D:5)
  Prince Ribbit (D:7)
  A hippogriff (D:9)
  7 yaks
  A wraith (D:9)
  The ghost of appiemonkey the Shield-Bearer, an amateur MiFi (D:4)
  2 hogs (D:8)
  A human (D:8)
  Grum (D:10)
  2 hungry ghosts (D:9)
  2 water moccasins
  A sky beast (D:5)
  3 slaves (D:4)
  3 ice beasts
  3 ogres
  3 wolves (D:10)
  5 phantoms
  5 centaurs
  2 big kobolds
  A wyvern zombie (D:7)
  4 bullfrogs
  4 scorpions
  6 killer bees (D:10)
  4 howler monkeys
  6 crimson imps
  6 hounds
  2 jellies (D:10)
  A bullfrog skeleton (D:6)
  4 orc priests
  A quasit (D:5)
  An iron imp (D:8)
  9 orc wizards
  Jessica (D:2)
  3 iguanas
  7 worker ants
  Terence (D:2)
  A killer bee zombie (D:9)
  A worker ant zombie (D:5)
  3 gnolls (D:5)
  7 adders
  3 shadow imps
  2 oozes (D:5)
  An adder skeleton (D:7)
  5 worms (D:2)
  3 dart slugs
  5 leopard geckos
  21 orcs
  4 giant cockroaches
  8 goblins
  10 hobgoblins
  14 jackals
  6 quokkas
  6 bats
  5 frilled lizards
  2 jackal zombies (D:8)
  19 kobolds
  A leopard gecko skeleton (D:4)
  7 rats
244 creatures vanquished.

Vanquished Creatures (others)
  A slave (D:4)
  A leopard gecko (D:4)
  A kobold (D:3)
3 creatures vanquished.

Grand Total: 247 creatures vanquished

Notes
Turn   | Place    | Note
-------+----------+-------------------------------------------
     0 | D:1      | tirato the Octopode Fighter began the quest for the Orb.
     0 | D:1      | Reached XP level 1. HP: 16/16 MP: 1/1
   305 | D:1      | Reached XP level 2. HP: 16/21 MP: 2/2
   806 | D:1      | Reached XP level 3. HP: 26/26 MP: 3/3
  1458 | D:2      | Reached skill level 1 in Stealth
  2030 | D:2      | Reached XP level 4. HP: 31/31 MP: 4/4
  2143 | D:2      | Noticed Jessica
  2157 | D:2      | Killed Jessica
  2717 | D:2      | Noticed Terence
  2735 | D:2      | Killed Terence
  2735 | D:2      | Reached skill level 2 in Stealth
  2735 | D:2      | Reached XP level 5. HP: 33/37 MP: 5/5
  3840 | D:3      | Found a white marble altar of Elyvilon.
  4616 | D:4      | Noticed Pikel
  4616 | D:4      | Noticed a slave
  4616 | D:4      | Noticed a slave
  4616 | D:4      | Noticed a slave
  4616 | D:4      | Noticed a slave
  4704 | D:5      | Entered Level 5 of the Dungeon
  4705 | D:5      | Noticed a sky beast
  4756 | D:4      | Noticed appiemonkey's ghost (amateur MiFi)
  4767 | D:4      | Killed appiemonkey's ghost
  4767 | D:4      | Reached skill level 3 in Stealth
  4767 | D:4      | Reached XP level 6. HP: 43/43 MP: 6/6
  5271 | D:4      | Reached XP level 7. HP: 38/48 MP: 7/7
  5338 | D:4      | Found a shadowy altar of Dithmenos.
  6636 | D:4      | Killed Pikel
  6636 | D:4      | Reached skill level 5 in Short Blades
  6636 | D:4      | Reached skill level 5 in Stealth
  6636 | D:4      | Reached skill level 5 in Shields
  6636 | D:4      | Reached XP level 8. HP: 37/54 MP: 8/8
  7252 | D:4      | Found Waisank's Antique Armour Boutique.
  7440 | D:4      | Reached skill level 5 in Dodging
  7626 | D:5      | Noticed vishdafish's ghost (novice DEIE)
  7648 | D:5      | Killed vishdafish's ghost
  7648 | D:5      | Reached skill level 5 in Fighting
  7648 | D:5      | Reached skill level 6 in Stealth
  7648 | D:5      | Reached XP level 9. HP: 34/61 MP: 9/9
  8272 | D:5      | Found a burning altar of Makhleb.
  8273 | D:5      | Found a shimmering altar of Xom.
  8428 | D:5      | Became a worshipper of Makhleb the Destroyer
  8431 | D:5      | Found an iron altar of Okawaru.
  8813 | D:6      | Found a staircase to the Ecumenical Temple.
  9180 | D:6      | Found a hide-covered altar of Uskayaw.
  9236 | Temple   | Entered the Ecumenical Temple
  9489 | D:6      | Reached skill level 7 in Stealth
  9580 | D:6      | Found a sparkling altar of Nemelex Xobeh.
  9966 | D:7      | Found a deep blue altar of Sif Muna.
 10183 | D:7      | Got a fine lead ring
 10184 | D:7      | Identified the ring "Weaguob" {+Inv MR+ Dex+3} (You found it on level 7 of the Dungeon)
 10194 | D:7      | Found an ancient bone altar of Kikubaaqudgha.
 10438 | D:7      | Noticed Prince Ribbit
 10446 | D:7      | Killed Prince Ribbit
 10446 | D:7      | Reached skill level 8 in Stealth
 10460 | D:7      | Found a glowing golden altar of the Shining One.
 10472 | D:7      | Reached * piety under Makhleb
 11034 | D:8      | Reached XP level 10. HP: 68/68 MP: 10/10
 11055 | D:8      | Reached skill level 9 in Stealth
 11147 | D:8      | Found a sparkling altar of Nemelex Xobeh.
 11539 | D:8      | Found a snail-covered altar of Cheibriados.
 11676 | D:8      | Noticed a cyclops
 11802 | D:8      | Killed a cyclops
 11973 | D:9      | Reached skill level 10 in Stealth
 12115 | D:9      | Reached ** piety under Makhleb
 12328 | D:9      | Found a shattered altar of Ashenzari.
 12352 | D:9      | Noticed a two-headed ogre
 12359 | D:9      | Killed a two-headed ogre
 12359 | D:9      | Reached skill level 10 in Short Blades
 12359 | D:9      | Reached XP level 11. HP: 74/74 MP: 11/11
 13407 | D:10     | Entered Level 10 of the Dungeon
 13690 | D:10     | Found an opulent altar of Gozag.
 13738 | D:10     | Noticed Fannar
 13742 | D:10     | Noticed Grum
 14109 | D:10     | Killed Fannar
 14109 | D:10     | Reached skill level 11 in Stealth
 14480 | D:10     | Reached *** piety under Makhleb
 15002 | D:10     | Noticed appiemonkey's ghost (journeyman MiFi)
 15013 | D:10     | Killed Grum
 15207 | D:10     | Slain by appiemonkey's ghost

Skill      XL: |  1  2  3  4  5  6  7  8  9 10 11 |
---------------+----------------------------------+-----
Stealth        | 1 2 3 5 6 8 10 11 | 11.4
Short Blades   | 3 4 5 6 8 10 | 10.4
Fighting       | 4 5 6 7 |  7.2
Dodging        | 4 5 6 |  6.7
Shields        | 4 5 6 7 8 |  8.3
Evocations     | |  0.9

Action                   |  1- 3 |  4- 6 |  7- 9 | 10-12 || total
-------------------------+-------+-------+-------+-------++-------
Melee: Rapier            |    36 |       |       |       ||    36
       Constrict         |    17 |    27 |    38 |    41 ||   123
       Tentacles         |    13 |    24 |    47 |    64 ||   148
       Dagger            |    26 |     5 |       |       ||    31
       Short sword       |       |   113 |   232 |   254 ||   599
Throw: Stone             |       |     1 |       |       ||     1
 Abil: Evoke Invisibilit |       |       |     1 |       ||     1
  Use: Scroll            |       |    10 |     4 |     7 ||    21
       Potion            |       |     1 |       |     1 ||     2
 Stab: Sleeping          |     2 |     5 |    16 |    13 ||    36
       Distracted        |       |       |     1 |       ||     1
  Eat: Chunk             |     1 |     6 |     6 |     8 ||    21
       Bread ration      |     1 |     1 |     2 |       ||     4
       Fruit             |       |       |     1 |     1 ||     2
       Royal jelly       |       |       |       |     2 ||     2
Armor: Skin              |     4 |     4 |     3 |     2 ||    13
Dodge: Dodged            |    31 |    44 |    59 |    57 ||   191
Block: Shield            |    23 |    40 |    74 |   116 ||   253
